 Dungeon Crawl Stone Soup version 0.30-a0-223-gcb0039aa0c (webtiles) character file.

Game seed: 1175494534861966983

87826 qw the Severer (level 15, -3/96 HPs)
             Began as a Gargoyle Fighter on Oct 9, 2022.
             Was a High Priest of Okawaru.
             Slain by an ice devil (5 damage)
             ... summoned by an orc high priest
             ... on level 2 of the Orcish Mines.
             The game lasted 00:09:12 (20827 turns).

qw the Severer (Gargoyle Fighter)                  Turns: 20827, Time: 00:09:13

Health: -3/96      AC: 41    Str: 26    XL:     15   Next: 91%
Magic:  22/22      EV:  8    Int: 10    God:    Okawaru [*****.]
Gold:   1321       SH: 11    Dex:  9    Spells: 14/14 levels left

rFire   . . .      SeeInvis .    o - +3 broad axe (vamp)
rCold   + + .      Faith    .    p - +0 kite shield
rNeg    + . .      Spirit   .    A - +11 chain mail "Vinoll" {*Corrode rPois Will+}
rPois   inf        Reflect  .    v - +2 helmet
rElec   +          Harm     .    B - +2 cloak
rCorr   .          Rampage  .    i - +2 pair of gloves
Will    +++..                    e - +2 pair of boots
Stlth   ..........               (no amulet)
HPRegen 0.36/turn                y - ring of protection from cold
MPRegen 0.18/turn                r - ring of willpower

@: about to teleport, spiked, corroded, flying
A: sickness immunity, AC +11, big wings, negative energy resistance 1,
electricity resistance, torment resistance 1, petrification resistance, cold
resistance 1, shaggy fur 1
a: Renounce Religion, Heroism, Finesse, Duel


You were on level 2 of the Orcish Mines.
You worshipped Okawaru.
Okawaru was extremely pleased with you.
You visited 4 branches of the dungeon, and saw 23 of its levels.
You also visited: Gauntlet.

You collected 1601 gold pieces.
You spent 280 gold pieces at shops.


Innate Abilities, Weirdness & Mutations

You are immune to sickness and miasma.
Your stone body is resilient. (AC +11)
You are immune to poison.
Your large and strong wings let you fly.
You resist negative energy. (rN+)
You are resistant to electric shocks. (rElec)
You are resistant to unholy torment.
You are immune to petrification.
Your flesh is cold resistant. (rC+)
You are covered in fur. (AC +1)


   Skills:
 - Level 12.0 Fighting
 + Level 16.4 Axes
 - Level 6.6 Throwing
 - Level 11.0 Armour
 - Level 3.1 Dodging
 - Level 13.0 Shields
 - Level 10.0 Invocations


You had 14 spell levels left.
You didn't know any spells.
Your spell library was empty.

Inventory:

Hand Weapons
 o - a +3 vampiric broad axe (weapon)
 D - a +0 morningstar
 H - a +1 war axe of holy wrath
Missiles
 x - 3 javelins (quivered)
 E - a boomerang of dispersal
Armour
 e - a +2 pair of boots (worn)
 i - a +2 pair of gloves (worn)
 p - a +0 kite shield (worn)
 s - +1 acid dragon scales
 v - a +2 helmet (worn)
 A - the +11 chain mail "Vinoll" (worn) {*Corrode rPois Will+}
   (You took it off a minotaur in a Gauntlet)

   rPois:     It protects you from poison.
   *Corrode:  It may corrode you when you take damage.
   Will:      It increases your willpower.
 B - a +2 cloak (worn)
Jewellery
 c - a ring of positive energy
 m - a ring of ice
 r - a ring of willpower (right hand)
 t - the ring of the Republic {Fire Str+3 Slay-5 Stlth+}
   (You found it in a Gauntlet)

   [ring of fire]

   It enhances your fire magic.
   Str:       It affects your strength (+3).
   Slay:      It affects your accuracy & damage with ranged weapons and melee
   (-5).
   rF:        It protects you from fire.
   rC:        It makes you vulnerable to cold.
   Stlth:     It makes you more stealthy.
 y - a ring of protection from cold (left hand)
 z - a ring of resist corrosion
Wands
 l - a wand of digging (8)
Scrolls
 b - 8 scrolls of identify
 j - 2 scrolls of teleportation
 C - a scroll of brand weapon
 F - 2 scrolls of enchant armour
Potions
 a - a potion of magic
 d - 5 potions of might
 f - 2 potions of haste
 g - 6 potions of heal wounds
 h - 6 potions of mutation
 k - 5 potions of attraction
 n - 4 potions of lignification
 q - a potion of resistance
 w - 18 potions of curing

Dungeon Overview and Level Annotations

Branches:
Dungeon (15/15)            Temple (1/1) D:5            Lair (5/5) D:11
 Shoals (0/4) Lair:3        Snake (0/4) Lair:3        Slime (0/5) Lair:5
    Orc (2/2) D:9          Vaults (0/5) D:14         Depths (0/4) D:15
Gauntlet (visited)
    Elf: Orc:2

Altars:
Ashenzari
Cheibriados
Dithmenos
Elyvilon
Fedhas
Gozag
Hepliaklqana
Kikubaaqudgha
Makhleb
Nemelex Xobeh
Okawaru
Qazlal
Ru
Sif Muna
Trog
Uskayaw
Vehumet
Wu Jian
Xom
Yredelemnul
Zin
The Shining One
Jiyva

Shops:
D:5 !

Annotations:
D:11 3 runed translucent doors, Onakli's ghost, journeyman DsFi; ProzacElf's ghost, journeyman SpAE; Texkoz's ghost, journeyman KoHu
Lair:5 2 runed translucent doors


Message History

The orc warrior barely misses you.
The orc high priest invokes the aid of Beogh against you.
You resist with almost no effort.
You slash the soul eater!
The soul eater is lightly wounded.
The red devil hits you but does no damage.
The orc warrior barely misses you. You block the orc's attack.
The orc high priest mumbles some strange prayers to Beogh.
The orc warrior hits you but does no damage.
The orc high priest closely misses you.
You hit the ice devil but do no damage.
The ice devil is heavily wounded.
You slash the smoke demon! You hit the ice devil but do no damage.
You hit the soul eater but do no damage.
The soul eater disappears in a puff of smoke!
The red devil hits you but does no damage.
You block the ice devil's attack.
You barely miss the ice devil.
The ice devil is heavily wounded.
You hit the smoke demon. You slice the ice devil!!
The orc warrior hits you but does no damage.
The orc hits you but does no damage.
The orc high priest calls down the wrath of Beogh upon you.
Beogh smites you! You block the ice devil's attack.
The orc warrior hits you but does no damage.
The orc high priest mumbles some strange prayers to Beogh against you.
Beogh smites you! The smoke demon hits you. The smoke demon barely misses you.
The smoke demon hits you but does no damage.
You block the red devil's attack. You block the ice devil's attack.
20827 ||| READING 3 scrolls of teleportation.
As you read the scroll of teleportation, it crumbles to dust.
You feel strangely unstable.
You feel like a meek peon again. You block the orc warrior's attack.
You block the orc's attack.
The orc high priest hits you but does no damage.
You block the ice devil's attack. The orc warrior completely misses you.
The orc high priest hits you but does no damage.
The smoke demon hits you but does no damage. x3
The ice devil hits you. The ice devil freezes you. You resist.
You die...

.......#...#...##
................#
...............##
................##
.......))........#
.......).)......##
.....o.)))......##
......)).#.......#
......ยค@4).........
.....443)#.....#...
.....oooo.........
....)..4.#...<....
..................
..(..(............
..................
.................


You could see 2 orc high priests, 2 ice devils, a rust devil (summoned), a smoke
demon (summoned), a red devil (summoned), 2 orc warriors and an orc.

Vanquished Creatures
  Rupert (D:14)
  Gastronok (Lair:1)
  A minotaur (Gauntlet)
  An ettin (D:15)
  An entropy weaver (Gauntlet)
  Fannar (D:11)
  7 hydras
  A rakshasa (D:14)
  6 centaur warriors
  4 vault guards (D:14)
  2 catoblepae
  5 boulder beetles
  Erica (D:8)
  3 death yaks (Lair:4)
  4 two-headed ogres
  3 tengu warriors
  An orc high priest (Orc:2)
  Nergalle (D:11)
  A fire crab (Gauntlet)
  14 skeletal warriors (D:14)
  A sixfirhy (Gauntlet)
  2 deep trolls (D:15)
  A wizard (D:15)
  A wolf spider zombie (D:14)
  2 lindwurms
  Pikel (D:5)
  2 necromancers (D:15)
  A manticore (D:10)
  2 deep elf pyromancers (D:12)
  12 ugly things (D:14)
  3 cyclopes
  3 elephants (Lair:2)
  7 centaur zombies (D:14)
  10 black mambas
  A merfolk siren (Lair:3)
  3 molten gargoyles (Lair:5)
  Joseph (D:7)
  9 cane toads
  Maggie (D:8)
  An unseen horror (D:12)
  A kobold demonologist (D:12)
  A tengu conjurer (D:14)
  8 komodo dragons
  3 meliai (D:15)
  7 trolls
  A hornet (D:8)
  2 queen bees (shapeshifter) (D:14)
  2 polar bears
  8 slime creatures
  Prince Ribbit (D:5)
  9 blink frogs
  A meliai zombie (D:14)
  A water elemental (D:12)
  2 jumping spiders (Gauntlet)
  2 shadows
  4 fire bats (Gauntlet)
  A human (shapeshifter) (D:14)
  6 wraiths
  30 yaks
  5 vampires
  3 wyverns
  5 basilisks
  A warg (Orc:2)
  3 steam dragons
  An acid dragon (D:10)
  3 hell hounds (Lair:5)
  20 water moccasins
  16 orc warriors
  2 sky beasts
  3 black bears
  A boggart (shapeshifter) (D:15)
  3 ogres
  17 centaurs
  24 wolves
  4 lemures (D:5)
  A phantom (D:5)
  3 kobold brigands
  8 bullfrogs
  A gnoll sergeant (D:13)
  5 necrophages
  10 wights
  3 killer bees (D:9)
  6 electric eels
  3 howler monkeys
  5 lava snakes (Lair:5)
  6 hounds
  8 orc priests
  2 jellies
  A gnoll bouda (D:9)
  3 boggart zombies (D:14)
  Terence (D:2)
  An iguana (D:7)
  12 orc wizards
  5 hell rats (Lair:2)
  22 gnolls
  11 adders
  A shadow imp (D:7)
  4 white imps
  4 ufetubi
  2 worms
  2 dart slugs
  53 orcs
  3 bats
  9 endoplasms
  5 giant cockroaches
  8 goblins
  5 hobgoblins
  4 jackals (D:2)
  8 quokkas
  6 ball pythons
  2 frilled lizards
  26 kobolds
  A rat (D:2)
  A bush (Lair:4)
585 creatures vanquished.

Vanquished Creatures (others)
  A vampire (D:14)
  27 fungi
  33 plants
  4 withered plants
65 creatures vanquished.

Grand Total: 650 creatures vanquished

Notes
Turn   | Place    | Note
-------+----------+-------------------------------------------
     0 | D:1      | qw the Gargoyle Fighter began the quest for the Orb.
     0 | D:1      | Reached XP level 1. HP: 14/14 MP: 1/1
     0 | D:1      | 0 ||| qw: Version: 0.2-a-17-g06abaee
     0 | D:1      | 0 ||| qw: Game counter: 2094
     0 | D:1      | 0 ||| qw: Always use a shield: true
     0 | D:1      | 0 ||| qw: God list: Okawaru
     0 | D:1      | 0 ||| qw: Allow faded altars: false
     0 | D:1      | 0 ||| qw: Do Orc after D:15 true
     0 | D:1      | 0 ||| qw: Do second Lair branch before Depths: true
     0 | D:1      | 0 ||| qw: Lair rune preference: random
     0 | D:1      | 0 ||| qw: Plans: Normal, Zot:1-4, God:TSO, Crypt, Tomb,
                  | Pan, Slime:5, Hells, Abyss, Orb
     0 | D:1      | 0 ||| PLANNING D:1-11
    53 | D:1      | Reached skill level 2 in Axes
    79 | D:1      | 79 ||| Stepping ~*~*~tactically~*~*~ (stealth).
    80 | D:1      | 80 ||| Stepping ~*~*~tactically~*~*~ (stealth).
    84 | D:1      | 84 ||| Stepping ~*~*~tactically~*~*~ (stealth).
    86 | D:1      | 86 ||| Stepping ~*~*~tactically~*~*~ (stealth).
    87 | D:1      | 87 ||| Stepping ~*~*~tactically~*~*~ (stealth).
   129 | D:1      | Reached XP level 2. HP: 19/19 MP: 2/2
   311 | D:1      | 311 ||| Stepping ~*~*~tactically~*~*~ (hiding).
   436 | D:1      | Reached skill level 3 in Axes
   436 | D:1      | Reached XP level 3. HP: 21/23 MP: 3/3
   443 | D:1      | 443 ||| DROPPING +0 club.
   772 | D:1      | 772 ||| UPGRADING to +0 pair of boots.
   777 | D:1      | 777 ||| UPGRADING to +0 pair of gloves.
   782 | D:1      | 782 ||| READING scroll labelled LIMPEG KOCKAA.
   783 | D:1      | 783 ||| READING scroll labelled UVANAORERE.
   784 | D:1      | 784 ||| READING scroll labelled GOXYCAO OFUOH.
   785 | D:1      | 785 ||| DRINKING 2 brown potions.
   786 | D:1      | 786 ||| DRINKING 2 viscous clear potions.
  1111 | D:2      | Noticed Terence
  1112 | D:2      | 1112 ||| Stepping ~*~*~tactically~*~*~ (stealth).
  1117 | D:2      | Reached XP level 4. HP: 28/28 MP: 4/4
  1123 | D:2      | Killed Terence
  1124 | D:2      | Reached skill level 4 in Axes
  1309 | D:2      | Found a faded altar of an unknown god.
  1321 | D:2      | 1321 ||| Stepping ~*~*~tactically~*~*~ (stealth).
  1322 | D:2      | 1322 ||| Stepping ~*~*~tactically~*~*~ (stealth).
  1382 | D:2      | 1382 ||| Stepping ~*~*~tactically~*~*~ (hiding).
  1525 | D:2      | 1525 ||| UPGRADING to +0 chain mail.
  1535 | D:2      | 1535 ||| DROPPING +0 scale mail.
  1536 | D:2      | 1536 ||| UPGRADING to +0 kite shield.
  1546 | D:2      | 1546 ||| DROPPING +0 buckler.
  1547 | D:2      | 1547 ||| UPGRADING to +3 chain mail of poison resistance.
  1557 | D:2      | 1557 ||| DROPPING +0 chain mail.
  1558 | D:2      | 1558 ||| UPGRADING to +0 helmet.
  1563 | D:2      | 1563 ||| READING scroll labelled GAKUECS EDEM.
  1564 | D:2      | 1564 ||| READING scroll labelled XUGETRU TOFASI.
  1569 | D:2      | 1569 ||| READING 2 scrolls labelled NORHIJIRGHU.
  1570 | D:2      | 1570 ||| DROPPING scroll of poison.
  1637 | D:3      | Reached XP level 5. HP: 24/32 MP: 5/5
  1706 | D:3      | 1706 ||| DROPPING +0 whip.
  2406 | D:3      | 2406 ||| DROPPING amulet of faith.
  2407 | D:3      | 2407 ||| UPGRADING to ring of positive energy.
  2408 | D:3      | 2408 ||| READING scroll labelled BIRACS DAMYTRO.
  2409 | D:3      | 2409 ||| DRINKING 2 viscous golden potions.
  2409 | D:3      | Gained mutation: Your flesh is cold resistant. (rC+)
                  | [potion of mutation]
  2409 | D:3      | Gained mutation: You are covered in fur. (AC +1) [potion of
                  | mutation]
  2410 | D:3      | 2410 ||| DRINKING 2 sedimented brown potions.
  2411 | D:3      | 2411 ||| DROPPING potion of brilliance.
  2466 | D:4      | Reached skill level 1 in Throwing
  2483 | D:4      | Reached XP level 6. HP: 34/37 MP: 6/6
  2599 | D:4      | 2599 ||| Stepping ~*~*~tactically~*~*~ (stealth).
  2603 | D:4      | 2603 ||| Stepping ~*~*~tactically~*~*~ (hiding).
  2605 | D:4      | 2605 ||| Stepping ~*~*~tactically~*~*~ (hiding).
  2607 | D:4      | 2607 ||| Stepping ~*~*~tactically~*~*~ (stealth).
  2831 | D:4      | Reached skill level 5 in Axes
  3244 | D:4      | 3244 ||| READING scroll labelled COICIE NIMADE.
  3268 | D:4      | 3268 ||| READING 3 scrolls labelled UMUEJU DEIDDO.
  3269 | D:4      | 3269 ||| READING scroll labelled VACIUB FAONATT.
  3270 | D:4      | 3270 ||| READING 3 scrolls of identify.
  3270 | D:4      | 3270 ||| IDENTIFYING sedimented dark potion
  3271 | D:4      | 3271 ||| READING 2 scrolls of identify.
  3271 | D:4      | 3271 ||| IDENTIFYING green potion
  3272 | D:4      | 3272 ||| DROPPING potion of degeneration.
  3273 | D:4      | 3273 ||| DROPPING 2 scrolls of magic mapping.
  3281 | D:5      | Entered Level 5 of the Dungeon
  3281 | D:5      | Noticed Pikel
  3281 | D:5      | Found Xiyqimol's Distillery.
  3282 | D:5      | 3282 ||| PLANNING SEWER
  3282 | D:5      | Noticed a black bear
  3283 | D:5      | 3283 ||| Stepping ~*~*~tactically~*~*~ (stealth).
  3285 | D:5      | 3285 ||| Stepping ~*~*~tactically~*~*~ (stealth).
  3295 | D:5      | HP: 8/38 [lemure[Pikel] (2)]
  3296 | D:5      | 3296 ||| READING 4 scrolls of teleportation.
  3297 | D:5      | HP: 2/38 [Pikel/+0 whip of electrocution (2)]
  3456 | D:5      | Reached XP level 7. HP: 43/43 MP: 7/7
  3466 | D:5      | 3466 ||| Stepping ~*~*~tactically~*~*~ (stealth).
  3614 | D:5      | Found a staircase to the Ecumenical Temple.
  3642 | D:5      | 3642 ||| BUYING 2 potions of curing (84 gold).
  3642 | D:5      | Bought 2 potions of curing for 84 gold pieces
  3642 | D:5      | 3642 ||| BUYING potion of curing (42 gold).
  3642 | D:5      | Bought a potion of curing for 42 gold pieces
  3642 | D:5      | 3642 ||| BUYING potion of curing (42 gold).
  3642 | D:5      | Bought a potion of curing for 42 gold pieces
  3642 | D:5      | 3642 ||| BUYING potion of heal wounds (70 gold).
  3642 | D:5      | Bought a potion of heal wounds for 70 gold pieces
  3642 | D:5      | 3642 ||| SHOPLISTING potion of heal wounds (70 gold, have
                  | 60).
  3642 | D:5      | 3642 ||| BUYING potion of lignification (42 gold).
  3642 | D:5      | Bought a potion of lignification for 42 gold pieces
  3642 | D:5      | 3642 ||| SHOPLISTING potion of mutation (112 gold, have
                  | 18).
  3688 | D:5      | Killed Pikel
  3689 | D:5      | Reached skill level 7 in Axes
  3689 | D:5      | Reached XP level 8. HP: 29/48 MP: 8/8
  3816 | D:5      | Found a glowing drain.
  3817 | D:5      | 3817 ||| DRINKING 2 white potions.
  3918 | D:5      | 3918 ||| DRINKING 2 clear potions.
  3919 | D:5      | 3919 ||| READING 2 scrolls of identify.
  3919 | D:5      | 3919 ||| IDENTIFYING black potion
  3920 | D:5      | 3920 ||| DROPPING potion of invisibility.
  3921 | D:5      | 3921 ||| DROPPING potion of ambrosia.
  4044 | D:5      | Noticed Prince Ribbit
  4061 | D:5      | 4061 ||| FLEEEEING.
  4062 | D:5      | 4062 ||| FLEEEEING.
  4063 | D:5      | 4063 ||| FLEEEEING.
  4064 | D:5      | 4064 ||| FLEEEEING.
  4065 | D:5      | 4065 ||| STAIRDANCE
  4139 | D:4      | 4139 ||| RIP SEWER
  4139 | D:4      | 4139 ||| PLANNING TEMPLE
  4141 | D:5      | 4141 ||| STAIRDANCE
  4147 | D:5      | 4147 ||| STAIRDANCE
  4190 | D:5      | 4190 ||| STAIRDANCE
  4200 | D:5      | 4200 ||| STAIRDANCE
  4292 | D:5      | 4292 ||| STAIRDANCE
  4395 | D:5      | 4395 ||| STAIRDANCE
  4399 | D:5      | 4399 ||| STAIRDANCE
  4404 | D:5      | 4404 ||| STAIRDANCE
  4459 | D:5      | 4459 ||| STAIRDANCE
  4466 | D:5      | 4466 ||| STAIRDANCE
  4534 | D:5      | Killed Prince Ribbit
  4535 | D:5      | Reached skill level 6 in Shields
  4535 | D:5      | 4535 ||| STAIRDANCE
  4596 | Temple   | Entered the Ecumenical Temple
  4657 | Temple   | 4657 ||| PLANNING OKAWARU WORSHIP
  4910 | Temple   | Became a worshipper of Warmaster Okawaru
  4911 | Temple   | 4911 ||| PLANNING D:1-11
  5099 | D:5      | Reached skill level 1 in Dodging
  5102 | D:5      | 5102 ||| Stepping ~*~*~tactically~*~*~ (stealth).
  5106 | D:5      | 5106 ||| Stepping ~*~*~tactically~*~*~ (stealth).
  5213 | D:5      | Reached * piety under Okawaru
  5231 | D:5      | 5231 ||| READING scroll of enchant armour.
  5231 | D:5      | 5231 ||| ENCHANTING +0 pair of gloves.
  5348 | D:5      | 5348 ||| READING 3 scrolls labelled AFIELA LAUMETO.
  5349 | D:5      | 5349 ||| DROPPING 2 scrolls of blinking.
  5371 | D:6      | 5371 ||| INVOKING Heroism.
  5384 | D:6      | 5384 ||| INVOKING Heroism.
  5387 | D:6      | Reached skill level 1 in Invocations
  5387 | D:6      | Reached XP level 9. HP: 45/54 MP: 5/10
  5618 | D:6      | 5618 ||| INVOKING Heroism.
  5632 | D:6      | Reached skill level 3 in Invocations
  5638 | D:6      | 5638 ||| DRINKING 6 potions of curing.
  5638 | D:6      | 5638 ||| (to cure confusion)
  5733 | D:6      | 5733 ||| Stepping ~*~*~tactically~*~*~ (stealth).
  5736 | D:6      | 5736 ||| INVOKING Heroism.
  5771 | D:6      | 5771 ||| INVOKING Heroism.
  5791 | D:6      | 5791 ||| READING scroll of enchant armour.
  5791 | D:6      | 5791 ||| ENCHANTING +1 pair of gloves.
  6099 | D:6      | 6099 ||| UPGRADING to +0 plate armour.
  6109 | D:6      | 6109 ||| DROPPING +3 chain mail of poison resistance.
  6110 | D:6      | 6110 ||| READING scroll labelled MIED ZYATZEELY.
  6111 | D:6      | 6111 ||| READING scroll labelled CIEGAOX GURUROHA.
  6112 | D:6      | 6112 ||| DRINKING 2 puce potions.
  6217 | D:6      | 6217 ||| DROPPING potion of berserk rage.
  6313 | D:7      | Noticed Joseph
  6318 | D:7      | 6318 ||| INVOKING Heroism.
  6326 | D:7      | Killed Joseph
  6326 | D:7      | Reached ** piety under Okawaru
  6327 | D:7      | Reached skill level 3 in Throwing
  6483 | D:7      | 6483 ||| INVOKING Heroism.
  6573 | D:7      | Reached skill level 8 in Axes
  6582 | D:7      | 6582 ||| DROPPING +0 flail.
  6608 | D:7      | 6608 ||| Stepping ~*~*~tactically~*~*~ (hiding).
  6612 | D:7      | 6612 ||| INVOKING Heroism.
  6620 | D:7      | 6620 ||| Stepping ~*~*~tactically~*~*~ (hiding).
  6622 | D:7      | Reached skill level 6 in Fighting
  6623 | D:7      | 6623 ||| Stepping ~*~*~tactically~*~*~ (stealth).
  6624 | D:7      | 6624 ||| Stepping ~*~*~tactically~*~*~ (stealth).
  6625 | D:7      | 6625 ||| Stepping ~*~*~tactically~*~*~ (stealth).
  6629 | D:7      | 6629 ||| Stepping ~*~*~tactically~*~*~ (stealth).
  6630 | D:7      | 6630 ||| Stepping ~*~*~tactically~*~*~ (stealth).
  6892 | D:7      | 6892 ||| Stepping ~*~*~tactically~*~*~ (hiding).
  6895 | D:7      | 6895 ||| INVOKING Heroism.
  6896 | D:7      | 6896 ||| Stepping randomly (cloudy).
  7166 | D:7      | 7166 ||| UPGRADING to ring of willpower.
  7204 | D:8      | 7204 ||| Stepping ~*~*~tactically~*~*~ (hiding).
  7205 | D:8      | 7205 ||| INVOKING Heroism.
  7211 | D:8      | Reached XP level 10. HP: 49/60 MP: 10/13
  7216 | D:8      | Reached *** piety under Okawaru
  7217 | D:8      | 7217 ||| FLEEEEING.
  7218 | D:8      | 7218 ||| STAIRDANCE
  7319 | D:8      | Reached skill level 9 in Axes
  7325 | D:8      | 7325 ||| Stepping ~*~*~tactically~*~*~ (hiding).
  7368 | D:8      | Noticed Erica
  7369 | D:8      | 7369 ||| Stepping ~*~*~tactically~*~*~ (hiding).
  7376 | D:8      | 7376 ||| INVOKING Heroism.
  7380 | D:8      | Killed Erica
  7381 | D:8      | Reached skill level 6 in Armour
  7458 | D:8      | 7458 ||| Stepping ~*~*~tactically~*~*~ (stealth).
  7461 | D:8      | 7461 ||| Stepping ~*~*~tactically~*~*~ (stealth).
  7530 | D:8      | 7530 ||| Stepping ~*~*~tactically~*~*~ (stealth).
  7532 | D:8      | 7532 ||| INVOKING Heroism.
  7729 | D:8      | Noticed Maggie
  7730 | D:8      | 7730 ||| Stepping ~*~*~tactically~*~*~ (hiding).
  7740 | D:8      | Killed Maggie
  7763 | D:8      | Found a sacrificial altar of Ru.
  7861 | D:9      | Identified the +1 leather armour of Resonance {rElec Str+2
                  | Dex-4}
  7913 | D:9      | 7913 ||| INVOKING Heroism.
  7914 | D:9      | Found a staircase to the Orcish Mines.
  7924 | D:9      | Reached skill level 9 in Shields
  7931 | D:9      | Reached **** piety under Okawaru
  7931 | D:9      | Received a gift from Okawaru
  8111 | D:9      | 8111 ||| Stepping ~*~*~tactically~*~*~ (stealth).
  8114 | D:9      | 8114 ||| INVOKING Heroism.
  8126 | D:9      | Reached XP level 11. HP: 62/67 MP: 12/14
  8128 | D:9      | Received a gift from Okawaru
  8286 | D:9      | 8286 ||| Stepping ~*~*~tactically~*~*~ (hiding).
  8291 | D:9      | 8291 ||| INVOKING Heroism.
  8441 | D:9      | Noticed a boulder beetle
  8442 | D:9      | 8442 ||| INVOKING Heroism.
  8461 | D:9      | Killed a boulder beetle
  8462 | D:9      | Reached skill level 6 in Invocations
  8554 | D:9      | Reached skill level 10 in Axes
  8582 | D:9      | 8582 ||| Stepping ~*~*~tactically~*~*~ (stealth).
  8641 | D:9      | Noticed a two-headed ogre
  8642 | D:9      | 8642 ||| INVOKING Heroism.
  8650 | D:9      | Killed a two-headed ogre
  8692 | D:9      | 8692 ||| Stepping ~*~*~tactically~*~*~ (hiding).
  8695 | D:9      | 8695 ||| INVOKING Heroism.
  8863 | D:9      | 8863 ||| UPGRADING to ring of protection from cold.
  8875 | D:10     | Entered Level 10 of the Dungeon
  8892 | D:10     | Noticed a manticore
  8893 | D:10     | 8893 ||| Stepping ~*~*~tactically~*~*~ (hiding).
  8898 | D:10     | 8898 ||| INVOKING Heroism.
  8901 | D:10     | Killed a manticore
  9017 | D:10     | 9017 ||| FLEEEEING.
  9018 | D:10     | 9018 ||| FLEEEEING.
  9019 | D:10     | 9019 ||| FLEEEEING.
  9020 | D:10     | 9020 ||| FLEEEEING.
  9023 | D:10     | 9023 ||| FLEEEEING.
  9024 | D:10     | 9024 ||| FLEEEEING.
  9025 | D:10     | 9025 ||| FLEEEEING.
  9026 | D:10     | 9026 ||| FLEEEEING.
  9027 | D:10     | 9027 ||| FLEEEEING.
  9029 | D:10     | 9029 ||| INVOKING Heroism.
  9053 | D:10     | Noticed a two-headed ogre
  9054 | D:10     | 9054 ||| Stepping ~*~*~tactically~*~*~ (stealth).
  9055 | D:10     | 9055 ||| Stepping ~*~*~tactically~*~*~ (stealth).
  9056 | D:10     | 9056 ||| Stepping ~*~*~tactically~*~*~ (hiding).
  9057 | D:10     | 9057 ||| Stepping ~*~*~tactically~*~*~ (hiding).
  9058 | D:10     | 9058 ||| INVOKING Heroism.
  9061 | D:10     | HP: 11/67 [acid dragon/splash of acid (22)]
  9062 | D:10     | 9062 ||| READING 3 scrolls of teleportation.
  9063 | D:10     | 9063 ||| DRINKING 2 potions of heal wounds.
  9064 | D:10     | Killed a two-headed ogre
  9264 | D:10     | 9264 ||| Stepping ~*~*~tactically~*~*~ (stealth).
  9332 | D:10     | 9332 ||| INVOKING Heroism.
  9617 | D:10     | 9617 ||| DROPPING amulet of magic regeneration.
  9642 | D:11     | Noticed a cyclops
  9643 | D:11     | 9643 ||| INVOKING Heroism.
  9647 | D:11     | Killed a cyclops
  9657 | D:11     | Noticed Fannar
  9666 | D:11     | Killed Fannar
  9666 | D:11     | Reached ***** piety under Okawaru
  9668 | D:11     | 9668 ||| Stepping ~*~*~tactically~*~*~ (stealth).
  9669 | D:11     | 9669 ||| Stepping ~*~*~tactically~*~*~ (stealth).
  9671 | D:11     | 9671 ||| INVOKING Heroism.
  9699 | D:11     | 9699 ||| Stepping ~*~*~tactically~*~*~ (hiding).
 10037 | D:11     | 10037 ||| Stepping ~*~*~tactically~*~*~ (hiding).
 10038 | D:11     | 10038 ||| Stepping ~*~*~tactically~*~*~ (hiding).
 10046 | D:11     | 10046 ||| INVOKING Heroism.
 10054 | D:11     | Received a gift from Okawaru
 10068 | D:11     | 10068 ||| READING 3 scrolls of enchant armour.
 10068 | D:11     | 10068 ||| ENCHANTING +0 helmet.
 10069 | D:11     | 10069 ||| READING 2 scrolls of enchant armour.
 10069 | D:11     | 10069 ||| ENCHANTING +1 helmet.
 10070 | D:11     | 10070 ||| READING scroll of enchant armour.
 10070 | D:11     | 10070 ||| ENCHANTING +0 pair of boots.
 10118 | D:11     | Found a staircase to the Lair.
 10128 | D:11     | 10128 ||| INVOKING Heroism.
 10136 | D:11     | Reached skill level 9 in Invocations
 10156 | D:11     | Noticed Nergalle
 10158 | D:11     | 10158 ||| Stepping ~*~*~tactically~*~*~ (hiding).
 10163 | D:11     | Killed Nergalle
 10164 | D:11     | Reached XP level 12. HP: 72/73 MP: 18/18
 10379 | D:11     | Found a runed translucent gate.
 10380 | D:11     | Found a runed translucent gate.
 10385 | D:11     | Found a runed translucent gate.
 10386 | D:11     | Noticed Onakli's ghost (journeyman DsFi)
 10386 | D:11     | Noticed Texkoz's ghost (journeyman KoHu)
 10386 | D:11     | Noticed ProzacElf's ghost (journeyman SpAE)
 10389 | D:11     | 10389 ||| PLANNING LAIR
 10429 | Lair:1   | Entered Level 1 of the Lair of Beasts
 10429 | Lair:1   | Noticed Gastronok
 10430 | Lair:1   | 10430 ||| Stepping ~*~*~tactically~*~*~ (hiding).
 10438 | Lair:1   | 10438 ||| INVOKING Heroism.
 10447 | Lair:1   | Killed Gastronok
 10448 | Lair:1   | Reached skill level 11 in Axes
 10492 | Lair:1   | Found a hide-covered altar of Uskayaw.
 10494 | Lair:1   | Found an ornate altar of the Wu Jian Council.
 10494 | Lair:1   | Noticed a boulder beetle
 10495 | Lair:1   | 10495 ||| INVOKING Heroism.
 10496 | Lair:1   | 10496 ||| INVOKING Finesse.
 10521 | Lair:1   | Killed a boulder beetle
 10593 | Lair:1   | 10593 ||| Stepping ~*~*~tactically~*~*~ (stealth).
 10619 | Lair:1   | 10619 ||| INVOKING Heroism.
 11217 | Lair:1   | 11217 ||| INVOKING Heroism.
 11399 | Lair:1   | 11399 ||| DROPPING amulet of guardian spirit.
 11400 | Lair:1   | 11400 ||| READING scroll labelled MIHYETHR MAMOE.
 11401 | Lair:1   | 11401 ||| READING 3 scrolls of identify.
 11401 | Lair:1   | 11401 ||| IDENTIFYING red potion
 11402 | Lair:1   | 11402 ||| READING 2 scrolls of identify.
 11402 | Lair:1   | 11402 ||| IDENTIFYING bubbling puce potion
 11403 | Lair:1   | 11403 ||| DROPPING potion of flight.
 11441 | Lair:2   | 11441 ||| INVOKING Heroism.
 11461 | Lair:2   | Identified the +0 kite shield of the Devil's Team {rElec}
                  | (Okawaru gifted it to you on level 2 of the Lair of Beasts)
 11461 | Lair:2   | Received a gift from Okawaru
 11580 | Lair:2   | 11580 ||| INVOKING Heroism.
 11592 | Lair:2   | 11592 ||| Stepping ~*~*~tactically~*~*~ (stealth).
 11595 | Lair:2   | 11595 ||| Stepping ~*~*~tactically~*~*~ (stealth).
 11600 | Lair:2   | 11600 ||| INVOKING Heroism.
 11610 | Lair:2   | Reached skill level 9 in Fighting
 11668 | Lair:2   | 11668 ||| Stepping ~*~*~tactically~*~*~ (stealth).
 11670 | Lair:2   | 11670 ||| Stepping ~*~*~tactically~*~*~ (stealth).
 11765 | Lair:2   | 11765 ||| INVOKING Heroism.
 11938 | Lair:2   | 11938 ||| Stepping ~*~*~tactically~*~*~ (stealth).
 11943 | Lair:2   | 11943 ||| INVOKING Heroism.
 12167 | Lair:2   | 12167 ||| DROPPING +0 kite shield of the Devil's Team
                  | {rElec}.
 12205 | Lair:3   | 12205 ||| INVOKING Heroism.
 12213 | Lair:3   | Reached skill level 12 in Axes
 12334 | Lair:3   | 12334 ||| READING scroll of enchant armour.
 12334 | Lair:3   | 12334 ||| ENCHANTING +1 pair of boots.
 12346 | Lair:3   | Found a staircase to the Snake Pit.
 12351 | Lair:3   | 12351 ||| Stepping ~*~*~tactically~*~*~ (stealth).
 12398 | Lair:3   | Reached skill level 9 in Armour
 12442 | Lair:3   | Reached XP level 13. HP: 80/80 MP: 20/20
 12446 | Lair:3   | Found a staircase to the Shoals.
 12449 | Lair:3   | 12449 ||| Stepping ~*~*~tactically~*~*~ (hiding).
 13004 | Lair:3   | 13004 ||| UPGRADING to +2 cloak.
 13009 | Lair:3   | 13009 ||| READING 2 scrolls labelled RAFENL SESIACW.
 13110 | Lair:3   | 13110 ||| DROPPING scroll of silence.
 13164 | Lair:4   | 13164 ||| STAIRDANCE
 13170 | Lair:4   | 13170 ||| STAIRDANCE
 13204 | Lair:4   | 13204 ||| Stepping ~*~*~tactically~*~*~ (hiding).
 13206 | Lair:4   | 13206 ||| INVOKING Heroism.
 13207 | Lair:4   | 13207 ||| INVOKING Finesse.
 13209 | Lair:4   | 13209 ||| SWAPPING to +6 flail.
 13218 | Lair:4   | 13218 ||| SWAPPING to +1 spectral war axe.
 13267 | Lair:4   | 13267 ||| INVOKING Heroism.
 13268 | Lair:4   | 13268 ||| INVOKING Finesse.
 13271 | Lair:4   | 13271 ||| SWAPPING to +6 flail.
 13277 | Lair:4   | 13277 ||| SWAPPING to +1 spectral war axe.
 13348 | Lair:4   | 13348 ||| Stepping ~*~*~tactically~*~*~ (stealth).
 13349 | Lair:4   | 13349 ||| INVOKING Heroism.
 13432 | Lair:4   | 13432 ||| INVOKING Heroism.
 13433 | Lair:4   | 13433 ||| INVOKING Finesse.
 13438 | Lair:4   | 13438 ||| Stepping ~*~*~tactically~*~*~ (stealth).
 13439 | Lair:4   | 13439 ||| Stepping ~*~*~tactically~*~*~ (stealth).
 13465 | Lair:4   | Received a gift from Okawaru
 13488 | Lair:4   | 13488 ||| Stepping ~*~*~tactically~*~*~ (stealth).
 13560 | Lair:4   | 13560 ||| INVOKING Heroism.
 13659 | Lair:4   | 13659 ||| INVOKING Heroism.
 13660 | Lair:4   | 13660 ||| INVOKING Finesse.
 13662 | Lair:4   | 13662 ||| SWAPPING to +6 flail.
 13674 | Lair:4   | 13674 ||| SWAPPING to +1 spectral war axe.
 13756 | Lair:4   | 13756 ||| INVOKING Heroism.
 13798 | Lair:4   | Received a gift from Okawaru
 13826 | Lair:4   | 13826 ||| INVOKING Heroism.
 13827 | Lair:4   | 13827 ||| INVOKING Finesse.
 13829 | Lair:4   | 13829 ||| SWAPPING to +6 flail.
 13837 | Lair:4   | 13837 ||| SWAPPING to +1 spectral war axe.
 13877 | Lair:4   | 13877 ||| Stepping ~*~*~tactically~*~*~ (stealth).
 13879 | Lair:4   | 13879 ||| INVOKING Heroism.
 13916 | Lair:4   | 13916 ||| INVOKING Heroism.
 14199 | Lair:4   | 14199 ||| DROPPING ring of magical power.
 14223 | Lair:5   | Entered Level 5 of the Lair of Beasts
 14247 | Lair:5   | 14247 ||| INVOKING Heroism.
 14258 | Lair:5   | Reached skill level 13 in Axes
 14272 | Lair:5   | 14272 ||| INVOKING Finesse.
 14293 | Lair:5   | 14293 ||| INVOKING Heroism.
 14456 | Lair:5   | 14456 ||| Stepping ~*~*~tactically~*~*~ (stealth).
 14458 | Lair:5   | 14458 ||| Stepping ~*~*~tactically~*~*~ (stealth).
 14460 | Lair:5   | 14460 ||| INVOKING Heroism.
 14461 | Lair:5   | 14461 ||| Stepping ~*~*~tactically~*~*~ (stealth).
 14462 | Lair:5   | 14462 ||| Stepping ~*~*~tactically~*~*~ (stealth).
 14539 | Lair:5   | 14539 ||| Stepping ~*~*~tactically~*~*~ (stealth).
 14585 | Lair:5   | 14585 ||| INVOKING Heroism.
 14600 | Lair:5   | Found a staircase to the Slime Pits.
 14600 | Lair:5   | Found a viscous altar of Jiyva.
 14601 | Lair:5   | 14601 ||| Stepping ~*~*~tactically~*~*~ (cloud).
 14607 | Lair:5   | 14607 ||| Stepping randomly (cloudy).
 14617 | Lair:5   | 14617 ||| INVOKING Heroism.
 14640 | Lair:5   | Reached skill level 14 in Axes
 14640 | Lair:5   | Gained mutation: Your large and strong wings let you fly.
                  | [Gargoyle growth]
 14640 | Lair:5   | Reached XP level 14. HP: 38/88 MP: 21/21
 15193 | Lair:5   | 15193 ||| INVOKING Heroism.
 15194 | Lair:5   | 15194 ||| INVOKING Finesse.
 15197 | Lair:5   | 15197 ||| SWAPPING to +6 flail.
 15207 | Lair:5   | 15207 ||| SWAPPING to +1 spectral war axe.
 15277 | Lair:5   | 15277 ||| INVOKING Heroism.
 15419 | Lair:5   | 15419 ||| Stepping ~*~*~tactically~*~*~ (stealth).
 15426 | Lair:5   | 15426 ||| Stepping ~*~*~tactically~*~*~ (stealth).
 15434 | Lair:5   | Found a large runed translucent door.
 15434 | Lair:5   | Found a large runed translucent door.
 15443 | Lair:5   | 15443 ||| INVOKING Heroism.
 15457 | Lair:5   | 15457 ||| INVOKING Finesse.
 15463 | Lair:5   | 15463 ||| SWAPPING to +6 flail.
 15471 | Lair:5   | 15471 ||| SWAPPING to +1 spectral war axe.
 15833 | Lair:5   | 15833 ||| PLANNING D
 15970 | D:12     | 15970 ||| STAIRDANCE
 16111 | D:12     | 16111 ||| Stepping ~*~*~tactically~*~*~ (stealth).
 16113 | D:12     | 16113 ||| Stepping ~*~*~tactically~*~*~ (hiding).
 16121 | D:12     | 16121 ||| INVOKING Heroism.
 16123 | D:12     | 16123 ||| Stepping ~*~*~tactically~*~*~ (hiding).
 16124 | D:12     | 16124 ||| Stepping ~*~*~tactically~*~*~ (hiding).
 16131 | D:12     | Received a gift from Okawaru
 16135 | D:12     | 16135 ||| Stepping ~*~*~tactically~*~*~ (hiding).
 16201 | D:12     | Found a burning altar of Makhleb.
 16201 | D:12     | Noticed an Executioner
 16211 | D:12     | 16211 ||| DROPPING +6 flail.
 16318 | D:12     | 16318 ||| INVOKING Heroism.
 16375 | D:12     | 16375 ||| FLEEEEING.
 16376 | D:12     | 16376 ||| FLEEEEING.
 16377 | D:12     | 16377 ||| FLEEEEING.
 16378 | D:12     | 16378 ||| FLEEEEING.
 16379 | D:12     | 16379 ||| FLEEEEING.
 16380 | D:12     | 16380 ||| FLEEEEING.
 16395 | D:12     | 16395 ||| FLEEEEING.
 16396 | D:12     | 16396 ||| FLEEEEING.
 16397 | D:12     | 16397 ||| Stepping ~*~*~tactically~*~*~ (hiding).
 16398 | D:12     | 16398 ||| FLEEEEING.
 16399 | D:12     | 16399 ||| FLEEEEING.
 16417 | D:12     | 16417 ||| INVOKING Heroism.
 16752 | D:13     | Identified the +4 short sword of Inconvenience {spect,
                  | Str+6}
 16800 | D:13     | Received a gift from Okawaru
 16847 | D:13     | 16847 ||| INVOKING Heroism.
 16848 | D:13     | 16848 ||| INVOKING Finesse.
 16850 | D:13     | 16850 ||| Stepping ~*~*~tactically~*~*~ (stealth).
 16852 | D:13     | 16852 ||| SWAPPING to +0 morningstar.
 16858 | D:13     | 16858 ||| SWAPPING to +1 spectral war axe.
 16866 | D:13     | 16866 ||| Stepping ~*~*~tactically~*~*~ (stealth).
 16908 | D:13     | 16908 ||| INVOKING Heroism.
 16920 | D:13     | 16920 ||| INVOKING Finesse.
 16921 | D:13     | Received a gift from Okawaru
 16961 | D:13     | 16961 ||| SWAPPING to +2 vampiric broad axe.
 16962 | D:13     | 16962 ||| DROPPING +1 spectral war axe.
 16977 | D:13     | 16977 ||| Stepping ~*~*~tactically~*~*~ (hiding).
 16979 | D:13     | 16979 ||| INVOKING Heroism.
 17116 | D:13     | 17116 ||| Stepping ~*~*~tactically~*~*~ (hiding).
 17118 | D:13     | 17118 ||| INVOKING Heroism.
 17124 | D:13     | 17124 ||| Stepping ~*~*~tactically~*~*~ (hiding).
 17586 | D:13     | 17586 ||| READING scroll of enchant weapon.
 17586 | D:13     | 17586 ||| ENCHANTING +2 vampiric broad axe.
 17647 | D:14     | Found a gate leading to a gauntlet.
 17648 | D:14     | 17648 ||| PLANNING GAUNTLET
 17648 | D:14     | 17648 ||| STAIRDANCE
 17656 | D:14     | 17656 ||| INVOKING Heroism.
 17657 | D:14     | 17657 ||| INVOKING Finesse.
 17670 | D:14     | Reached skill level 12 in Shields
 17684 | D:14     | Noticed Rupert
 17717 | D:14     | 17717 ||| INVOKING Finesse.
 17722 | D:14     | Killed Rupert
 17723 | D:14     | Reached skill level 6 in Throwing
 17728 | D:14     | Received a gift from Okawaru
 17788 | Gauntlet | Entered a Gauntlet
 17788 | Gauntlet | Found a transporter.
 17788 | Gauntlet | Found a runed translucent gate.
 17788 | Gauntlet | Found a transporter.
 17788 | Gauntlet | Found a runed translucent gate.
 17801 | Gauntlet | Found a transporter.
 17806 | Gauntlet | Found a transporter.
 17814 | Gauntlet | Found the macabre finger necklace {rN+}
 17819 | Gauntlet | Found a transporter.
 17820 | Gauntlet | Found a transporter.
 17827 | Gauntlet | Found the +8 demon blade "Leech" {vamp, Harm Drain rN+}
 17828 | Gauntlet | Found a transporter.
 17839 | Gauntlet | Found the amulet of Vitality {RegenMP++ Regen++}
 17847 | Gauntlet | Found a transporter.
 17865 | Gauntlet | Found a transporter.
 17878 | Gauntlet | Found a transporter.
 17882 | Gauntlet | Found a transporter.
 17884 | Gauntlet | Found a runed translucent gate.
 17931 | Gauntlet | 17931 ||| INVOKING Heroism.
 17936 | Gauntlet | 17936 ||| Stepping randomly (cloudy).
 17949 | Gauntlet | 17949 ||| Stepping ~*~*~tactically~*~*~ (cloud).
 17991 | Gauntlet | Found a transporter.
 18081 | Gauntlet | 18081 ||| INVOKING Finesse.
 18120 | Gauntlet | Identified the +4 whip "Jusoer" {elec, Str+4 Dex+2 SInv}
 18121 | Gauntlet | Identified the ring of the Republic {Fire Str+3 Slay-5
                  | Stlth+}
 18147 | Gauntlet | Identified the +11 chain mail "Vinoll" {*Corrode rPois
                  | Will+}
 18148 | Gauntlet | 18148 ||| INVOKING Heroism.
 18149 | Gauntlet | 18149 ||| INVOKING Finesse.
 18202 | Gauntlet | Identified the +9 battleaxe of the Mind {vorpal, Int+4
                  | Dex+4}
 18254 | Gauntlet | 18254 ||| UPGRADING to +11 chain mail "Vinoll" {*Corrode
                  | rPois Will+}.
 18264 | Gauntlet | 18264 ||| DROPPING +0 plate armour.
 18280 | D:14     | 18280 ||| PLANNING D
 18334 | D:14     | 18334 ||| Stepping ~*~*~tactically~*~*~ (stealth).
 18336 | D:14     | 18336 ||| INVOKING Heroism.
 18352 | D:14     | Reached XP level 15. HP: 94/94 MP: 22/22
 18354 | D:14     | Reached skill level 15 in Axes
 18394 | D:14     | 18394 ||| INVOKING Heroism.
 18395 | D:14     | 18395 ||| Stepping ~*~*~tactically~*~*~ (hiding).
 18396 | D:14     | 18396 ||| Stepping ~*~*~tactically~*~*~ (stealth).
 18408 | D:14     | Received a gift from Okawaru
 18438 | D:14     | Reached skill level 3 in Dodging
 18445 | D:14     | 18445 ||| Stepping ~*~*~tactically~*~*~ (stealth).
 18455 | D:14     | 18455 ||| INVOKING Heroism.
 18552 | D:14     | 18552 ||| DROPPING +2 vorpal war axe.
 18555 | D:14     | 18555 ||| Stepping ~*~*~tactically~*~*~ (stealth).
 18558 | D:14     | 18558 ||| Stepping ~*~*~tactically~*~*~ (stealth).
 18565 | D:14     | 18565 ||| Stepping ~*~*~tactically~*~*~ (stealth).
 18567 | D:14     | 18567 ||| Stepping ~*~*~tactically~*~*~ (stealth).
 18570 | D:14     | 18570 ||| Stepping ~*~*~tactically~*~*~ (stealth).
 18572 | D:14     | 18572 ||| INVOKING Heroism.
 18581 | D:14     | Reached skill level 12 in Fighting
 18665 | D:14     | 18665 ||| INVOKING Heroism.
 18760 | D:14     | 18760 ||| Stepping ~*~*~tactically~*~*~ (stealth).
 18809 | D:14     | 18809 ||| INVOKING Heroism.
 18906 | D:14     | 18906 ||| INVOKING Heroism.
 18926 | D:14     | Received a gift from Okawaru
 19118 | D:14     | 19118 ||| Stepping ~*~*~tactically~*~*~ (hiding).
 19124 | D:14     | 19124 ||| INVOKING Heroism.
 19203 | D:14     | Found a gate to the Vaults.
 19204 | D:14     | 19204 ||| INVOKING Heroism.
 19222 | D:14     | 19222 ||| INVOKING Heroism.
 19225 | D:14     | Reached skill level 16 in Axes
 19466 | D:14     | 19466 ||| READING 8 scrolls of identify.
 19466 | D:14     | 19466 ||| IDENTIFYING lumpy sapphire potion
 19500 | D:15     | Entered Level 15 of the Dungeon
 19529 | D:15     | 19529 ||| Stepping ~*~*~tactically~*~*~ (hiding).
 19530 | D:15     | 19530 ||| INVOKING Heroism.
 19532 | D:15     | 19532 ||| INVOKING Finesse.
 19775 | D:15     | Found a shimmering altar of Xom.
 19981 | D:15     | 19981 ||| INVOKING Heroism.
 20045 | D:15     | 20045 ||| Stepping ~*~*~tactically~*~*~ (stealth).
 20134 | D:15     | Found a staircase to the Depths.
 20171 | D:15     | 20171 ||| Stepping ~*~*~tactically~*~*~ (stealth).
 20175 | D:15     | 20175 ||| Stepping ~*~*~tactically~*~*~ (stealth).
 20177 | D:15     | 20177 ||| Stepping ~*~*~tactically~*~*~ (hiding).
 20540 | D:15     | 20540 ||| PLANNING ORC
 20649 | Orc:1    | Entered Level 1 of the Orcish Mines
 20743 | Orc:2    | Entered Level 2 of the Orcish Mines
 20755 | Orc:2    | 20755 ||| INVOKING Heroism.
 20785 | Orc:2    | 20785 ||| Stepping ~*~*~tactically~*~*~ (hiding).
 20815 | Orc:2    | 20815 ||| DRINKING potion of cancellation.
 20826 | Orc:2    | HP: 21/96 [orc high priest/divine providence (11)]
 20826 | Orc:2    | HP: 6/96 [orc high priest/divine providence (15)]
 20827 | Orc:2    | 20827 ||| READING 3 scrolls of teleportation.
 20827 | Orc:2    | HP: 2/96 [ice devil[an orc high priest] (3)]
 20827 | Orc:2    | Slain by an ice devil

Levels and vault maps discovered:
D:1:      ncdulo_lavacross, layout_basic
D:2:      layout_rooms, hellmonk_ecumenical_altar_dog_temple,
          minmay_misc_feat_tower, uniq_terence
D:3:      layout_basic
D:4:      layout_gridville, minmay_misc_feat_roman
D:5:      layout_loops_ring, minmay_temple_entry_butterflies,
          portal_sewer_entry_b, minmay_misc_feat_secret_circle, st_stairs_6,
          solitary_fountain, kennysheep_decorative_pillar,
          nicolae_stop_n_shop_1, corexii_item_surrounded_by_moat, uniq_pikel,
          uniq_prince_ribbit1
D:6:      minmay_evil_eye, layout_rooms
D:7:      statuecave_lemuel, layout_cave_pods, dreamdust_gnoll_farm, uniq_joseph
D:8:      layout_rooms, kennysheep_little_box, uniq_maggie, uniq_erica
D:9:      layout_irregular_city, david_orc_2
D:10:     layout_rooms, serial_rivers, chequers_serial_rivers_room_a,
          chequers_serial_rivers_marsh, chequers_serial_rivers_micro_d,
          chequers_serial_rivers_room_a, chequers_serial_rivers_small_b,
          st_stairs_11
D:11:     layout_gridville, lair_entry_dummy, gammafunk_ghost_cemetery,
          uniq_nergalle, uniq_fannar
D:12:     layout_basic, makhleb_altar_promises_db
D:13:     layout_basic
D:14:     layout_rooms, lightli_vaults_fourway_checkpoint,
          gauntlet_entry_generic, serial_undead, serial_undead_a,
          serial_undead_d, serial_undead_b, serial_undead_a, serial_undead_e,
          serial_undead_a, serial_undead_e, uniq_rupert
D:15:     hangedman_depths_entry_civil_slaughter, layout_loops_corners,
          serial_park_tiny_2, kennysheep_crisscross, brannock_xom_greatest_gift
Temple:   mainiacjoe_temple_circle_huts
Lair:1:   layout_loops_ring, nzn_masters_of_martial_movement,
          serial_bayou_shore_a, uniq_gastronok
Lair:2:   layout_gridlike, lemuel_fruit_tree
Lair:3:   layout_cellular_growth, minmay_shoals_entry_lonely_mermaid,
          minmay_snake_entry_six_corridors
Lair:4:   layout_gridlike, infiniplex_staircase_pool
Lair:5:   cheibrodos_lair_end_hotspot, layout_regular_city, slime_entry_1
Orc:1:    layout_diamond_mine, serial_shops, shop
Orc:2:    grunt_orc_gardens, layout_caves, grunt_orc_garden, grunt_orc_garden,
          grunt_orc_garden, grunt_orc_garden

Skill      XL: |  1  2  3  4  5  6  7  8  9 10 11 12 13 14 15 |
---------------+----------------------------------------------+-----
Axes           | 2 3 4 5 7 8 9 10 12 14 16 | 16.4
Shields        | 4 5 6 8 9 10 11 12 13 | 13.0
Throwing       | 1 3 6 |  6.6
Fighting       | 4 5 6 7 8 9 10 11 12 | 12.0
Dodging        | 1 2 3 |  3.1
Armour         | 4 5 6 7 9 10 11 | 11.0
Invocations    | 1 4 5 9 10 | 10.0

Action                   |  1- 3 |  4- 6 |  7- 9 | 10-12 | 13-15 || total
-------------------------+-------+-------+-------+-------+-------++-------
Melee: War axe           |   107 |   176 |   284 |   384 |   328 ||  1279
       Flail             |       |       |       |       |    40 ||    40
       Broad axe         |       |       |       |       |   605 ||   605
       Morningstar       |       |       |       |       |     5 ||     5
Throw: Javelin           |       |    27 |    22 |    17 |    68 ||   134
       Boomerang         |       |       |       |    80 |    11 ||    91
Invok: Heroism           |       |       |    10 |    26 |    41 ||    77
       Finesse           |       |       |       |     1 |    15 ||    16
  Use: Scroll            |     3 |    10 |     6 |     8 |     4 ||    31
       Potion            |     2 |     2 |     4 |     1 |     1 ||    10
 Stab: Distracted        |       |       |     1 |     8 |     5 ||    14
Armor: Scale mail        |    34 |    23 |       |       |       ||    57
       Chain mail        |       |   118 |   200 |       |   283 ||   601
       Plate armour      |       |       |    19 |   159 |   396 ||   574
Dodge: Dodged            |    43 |    65 |    79 |    68 |   274 ||   529
Block: Buckler           |    22 |     9 |       |       |       ||    31
       Kite shield       |       |    61 |   139 |   173 |   605 ||   978

Table legend:
 A = Non-vault XP
 B = Vault XP
 C = Vault XP percentage of total XP
 D = Non-vault monster count
 E = Vault monster count
 F = Vault count percentage of total count
                 A         B        C        D         E       F
            +---------+---------+-------+---------+---------+-------
      Total |   75204 |   50262 |  40.1 |     449 |     132 |  22.7
            +---------+---------+-------+---------+---------+-------
        D:1 |      62 |       0 |   0.0 |      25 |       0 |   0.0
        D:2 |      52 |      44 |  45.8 |      21 |       5 |  19.2
        D:3 |      96 |       0 |   0.0 |      12 |       0 |   0.0
        D:4 |     334 |       0 |   0.0 |      22 |       0 |   0.0
        D:5 |     564 |     995 |  63.8 |      10 |       6 |  37.5
        D:6 |    1075 |      81 |   7.0 |      33 |       1 |   2.9
        D:7 |     584 |     562 |  49.0 |      10 |       7 |  41.2
        D:8 |    2014 |    1226 |  37.8 |      25 |       2 |   7.4
        D:9 |    3821 |     285 |   6.9 |      32 |       8 |  20.0
       D:10 |    1588 |    1195 |  42.9 |      18 |       3 |  14.3
       D:11 |    2468 |    1667 |  40.3 |      18 |       2 |  10.0
       D:12 |    5121 |       0 |   0.0 |      22 |       0 |   0.0
       D:13 |    7415 |       0 |   0.0 |      20 |       0 |   0.0
       D:14 |   15197 |   22205 |  59.4 |      31 |      40 |  56.3
       D:15 |    3772 |    4379 |  53.7 |      11 |       6 |  35.3
     Lair:1 |    2470 |    2269 |  47.9 |      12 |       2 |  14.3
     Lair:2 |    5623 |       0 |   0.0 |      30 |       0 |   0.0
     Lair:3 |    2425 |    2416 |  49.9 |      13 |       8 |  38.1
     Lair:4 |   10857 |       0 |   0.0 |      28 |       0 |   0.0
     Lair:5 |    7323 |    7244 |  49.7 |      27 |      23 |  46.0
      Orc:1 |     291 |       0 |   0.0 |       1 |       0 |   0.0
      Orc:2 |    2052 |     990 |  32.5 |      28 |       7 |  20.0
   Gauntlet |       0 |    4704 | 100.0 |       0 |      12 | 100.0
            +---------+---------+-------+---------+---------+-------
